 Dungeon Crawl Stone Soup version bcrawl-1.32 (webtiles) character file.

Game seed: 17350771428679625500

95216 Morbidden the Sneak (level 4, 15/33 HPs)
             Began as a Demonspawn Archaeologist on June 29, 2021.
             Quit the game on level 2 of the Dungeon.
             The game lasted 00:02:36 (2746 turns).

Morbidden the Sneak (Demonspawn Archaeologist)      Turns: 2746, Time: 00:02:36

Health: 15/33      AC:  6    Str: 12    XL:     4   Next: 16%
Magic:  4/4        EV: 18    Int: 20    God:
Gold:   99         SH:  0    Dex: 16    Spells: 3/3 levels left

rFire    . . .     SeeInvis .     - Claws (7.6)
rCold    . . .     Gourm    .   (no shield)
rNeg     . . .     Faith    .   c - +1 robe
rPois    .         Spirit   .   d - +1 hat
rElec    .         Reflect  .   (no cloak)
rCorr    .         Harm     .   (no gloves)
MR       .....                  j - +1 pair of boots
Stlth    +++.......             (no amulet)
HPRegen  0.11/turn              a - +4 ring of intelligence
MPRegen  0.09/turn              (no ring)

@: agile
A: antennae 1, claws 1, hooves 1
a: no special abilities


You were on level 2 of the Dungeon.
You were hungry.

You visited 1 branch of the dungeon, and saw 3 of its levels.

You collected 99 gold pieces.

Inventory:

Hand Weapons
 b - a +1 hunting sling of freezing
 w - a +0 blowgun
Missiles
 f - 6 curare-tipped needles
 p - 158 poisoned needles
 x - 373 stones (quivered)
Armour
 c - a +1 robe (worn)
 d - a +1 hat (worn)
 j - a +1 pair of boots (worn)
Jewellery
 a - a +4 ring of intelligence (left claw)
 t - an uncursed ring of insulation {unknown}
Scrolls
 g - a scroll of magic mapping
 i - 4 scrolls of identify
 o - a scroll of teleportation {unknown}
 r - a scroll of immolation {unknown}
 v - a scroll of enchant armour {unknown}
Potions
 k - 2 potions of agility
 m - a potion of berserk rage {unknown}
 q - 2 potions of curing
 s - a potion of resistance {unknown}
 u - a potion of flight {unknown}
Miscellaneous
 h - a dusty tome
Comestibles
 e - 2 rations {!d}


   Skills:
 * Level 1.7 Fighting
   Level 0.8 Maces & Flails
 * Level 3.3 Dodging
 + Level 3.4 Stealth
 * Level 1.9 Unarmed Combat


You had 3 spell levels left.
You didn't know any spells.
Your spell library was empty.

Dungeon Overview and Level Annotations

Branches:
Dungeon (3/12)

Altars:


Innate Abilities, Weirdness & Mutations

You have a pair of small antennae on your head.
You have sharp fingernails.
You have large cloven feet.


Message History

The worker ant misses you.
You scratch the worker ant but do no damage.
Your claw misses the worker ant.
The worker ant is heavily wounded.
The worker ant closely misses you.
You scratch the worker ant.
The worker ant is almost dead.
The worker ant misses you.
You scratch the worker ant but do no damage.
The worker ant is almost dead.
The worker ant bites you.
You scratch the worker ant.
You kill the worker ant!
You have reached level 4!
You feel clever.
Your demonic ancestry asserts itself...
A pair of antennae grows on your head!
Are you sure you want to abandon this character and quit the game? (Confirm with "yes".)
Okay, then.
No path to travel!
Are you sure you want to abandon this character and quit the game? (Confirm with "yes".)

# #####..#.#...#.#
# #............#.#
#
#.####.#######.###
# #.#
#...........# #
#.# #...#####.#.#
#.####...## #..#.#
#.#.).....# #.##.#
#.#.......###.##.#
#.......@.)...##.#
#.........######.#
#.........# #.#
#.........######.#
#................#
#.........#####..#
#..#..........#..#
#..#.#######.##..#
#..#.# #.##..#


There were no monsters in sight!

Vanquished Creatures
  A worker ant (D:2)
  2 worms (D:2)
  3 leopard geckos
  4 giant cockroaches
  8 goblins
  7 hobgoblins
  2 jackals (D:1)
  A quokka (D:2)
  3 bats
  2 frilled lizards (D:1)
  6 kobolds
  2 rats (D:1)
41 creatures vanquished.

Notes
Turn   | Place    | Note
-------+----------+-------------------------------------------
     0 | D:1      | Morbidden the Demonspawn Archaeologist began the quest for
                  | the Orb.
     0 | D:1      | Reached XP level 1. HP: 15/15 MP: 1/1
   424 | D:1      | Gained mutation: You have sharp fingernails. [demonic
                  | ancestry]
   424 | D:1      | Reached XP level 2. HP: 21/21 MP: 2/2
  1544 | D:2      | Gained mutation: You have large cloven feet. [demonic
                  | ancestry]
  1544 | D:2      | Reached XP level 3. HP: 23/26 MP: 3/3
  1623 | D:2      | Reached skill level 1 in Unarmed Combat
  2746 | D:2      | Gained mutation: You have a pair of small antennae on your
                  | head. [demonic ancestry]
  2746 | D:2      | Reached XP level 4. HP: 15/33 MP: 4/4
  2746 | D:2      | Quit the game

Skill      XL: |  1  2  3 |
---------------+----------+-----
Dodging        | 3 |  3.3
Unarmed Combat | 1 |  1.9
Fighting       | |  1.7
Maces & Flails | |  0.8
Stealth        | |  3.4

Action                   |  1- 3 |  4- 6 || total
-------------------------+-------+-------++-------
Melee: Unarmed           |   227 |       ||   227
       Whip              |     9 |       ||     9
 Fire: Hunting sling     |     4 |       ||     4
  Use: Scroll            |     1 |       ||     1
       Potion            |     2 |       ||     2
 Stab: Sleeping          |     8 |       ||     8
  Eat: Chunk             |    11 |       ||    11
Armor: Robe              |    45 |       ||    45
Dodge: Dodged            |   165 |       ||   165
